Map: [ESL] Oceanborn

Players

Future - Winner!

  • Race: Terran Terran
  • Spawn Location: 5:00

DisK

  • Race: Protoss Protoss
  • Spawn Location: 11:00

Event: ESL SC2 Masters 2024 Spring (Regional)

VOD

Have the link to the VOD?

Description

Time

  • Played on: May 4, 2024, 1:34 p.m.
  • Length: 8:19

All games in this series

Show
View Real Time Build Order
Export as new Build Order

Future Terran - Winner!

Build Orders:  

Get SALT Encoding   

  12  0:00  SCV  
  13  0:12  SCV  
  14  0:16  Supply Depot  
  14  0:24  SCV  
  15  0:38  SCV  
  15  0:39  Barracks  
  16  0:44  Refinery  
  16  0:50  SCV  
  16  0:53  Refinery  
  17  1:02  SCV  
  18  1:14  SCV  
  19  1:26  Orbital Command, Reaper  
  20  1:43  Factory  
  20  1:46  Supply Depot  
  20  1:52  SCV  
  21  2:04  SCV  
  22  2:16  SCV  
  22  2:18  Command Center  
  22  2:21  Barracks Reactor  
  23  2:29  SCV  
  24  2:34  Starport  
  24  2:37  Widow Mine  
  24  2:41  SCV  
  27  2:45  Supply Depot  
  27  2:53  SCV  
  27  2:56  Marine  
  27  2:57  Marine  
  30  3:05  SCV  
  31  3:07  Widow Mine  
  31  3:11  Medivac  
  35  3:14  Marine x2  
  35  3:17  SCV  
  38  3:29  SCV  
  38  3:30  Factory Tech Lab  
  38  3:31  Orbital Command  
  39  3:34  Marine x2  
  39  3:41  SCV, Refinery  
  41  3:42  Starport Tech Lab  
  42  3:52  Siege Tank  
  42  3:53  SCV  
  42  3:55  Supply Depot  
  46  3:57  SCV  
  46  3:59  Marine  
  46  4:01  Marine  
  49  4:05  SCV  
  49  4:09  SCV  
  51  4:11  Interference Matrix, Raven  
  53  4:17  SCV  
  53  4:20  Marine x2  
  53  4:21  SCV  
  57  4:26  Supply Depot  
  57  4:30  SCV  
  58  4:32  Siege Tank  
  58  4:33  SCV  
  62  4:41  Marine  
  62  4:42  SCV  
  62  4:44  Barracks  
  62  4:48  SCV, Bunker, Marine  
  62  4:50  Supply Depot  
  64  4:54  SCV  
  64  4:58  Marine  
  64  4:59  Barracks  
  65  5:00  SCV  
  65  5:04  Siege Tank  
  69  5:10  SCV  
  69  5:12  SCV  
  69  5:13  Supply Depot  
  71  5:16  Engineering Bay  
  71  5:19  Marine x2  
  73  5:23  SCV  
  73  5:26  SCV  
  73  5:27  Starport Reactor, Refinery  
  75  5:35  SCV, Supply Depot  
  76  5:38  SCV, Marine x2  
  76  5:39  Supply Depot, Marauder  
  76  5:42  Stimpack  
  81  5:45  Terran Infantry Weapons Level 1  
  81  5:49  Factory Reactor  
  81  5:53  Marauder  
  81  5:56  Marine x2  
  85  6:01  Marauder  
  85  6:02  Supply Depot x2  
  87  6:05  Combat Shield  
  86  6:12  Medivac  
  86  6:13  Medivac  
  86  6:14  Marauder  
  86  6:16  Marine x2  
  94  6:23  Marauder  
  96  6:28  Widow Mine  
  100  6:33  Widow Mine  
  100  6:34  Marine x2  
  100  6:36  Marauder  
  102  6:40  Supply Depot  
  102  6:42  Supply Depot  
  102  6:44  Medivac x2  
  102  6:45  Marauder  
  107  6:51  Widow Mine  
  107  6:52  Marine x2  
  112  6:54  Widow Mine  
  112  7:05  Marauder  
  112  7:06  Marauder  
  116  7:09  Marine  
  116  7:10  Marine  
  118  7:18  Widow Mine  
  118  7:19  Widow Mine, Medivac x2  
  118  7:22  Concussive Shells  
  126  7:24  Command Center  
  126  7:31  Marauder x2  
  124  7:40  Widow Mine x2, Marine  
  124  7:43  Marine  
  130  7:52  Marauder x2  
Show
View Real Time Build Order
Export as new Build Order

DisK Protoss 

Build Orders: 1 Gate Expand, Blink Stalkers 

Get SALT Encoding   

  12  0:00  Probe  
  13  0:12  Probe  
  14  0:16  Pylon  
  14  0:24  Probe (Chrono Boost)  
  15  0:35  Gateway  
  15  0:36  Probe (Chrono Boost)  
  16  0:45  Assimilator, Probe (Chrono Boost)  
  17  0:50  Probe  
  18  1:03  Probe  
  19  1:15  Probe  
  20  1:21  Cybernetics Core  
  20  1:22  Zealot  
  22  1:38  Nexus  
  22  1:46  Pylon  
  22  1:49  Probe  
  23  2:01  Adept (Chrono Boost)  
  23  2:04  Probe  
  23  2:06  Assimilator, Warp Gate  
  25  2:16  Probe  
  26  2:28  Probe  
  27  2:36  Twilight Council  
  27  2:41  Probe (Chrono Boost)  
  27  2:42  Stalker  
  30  2:51  Probe (Chrono Boost)  
  31  2:53  Probe (Chrono Boost)  
  31  2:58  Shield Battery  
  32  2:59  Probe (Chrono Boost)  
  32  3:00  Probe (Chrono Boost)  
  32  3:04  Probe (Chrono Boost)  
  34  3:06  Blink (Chrono Boost)  
  34  3:07  Probe  
  36  3:20  Probe  
  36  3:23  Probe, Gateway  
  38  3:32  Probe  
  39  3:35  Probe  
  39  3:38  Pylon  
  40  3:42  Robotics Facility  
  40  3:44  Probe  
  40  3:47  Probe  
  42  3:53  Gateway  
  42  3:55  Stalker  
  44  3:58  Probe  
  44  3:59  Probe  
  46  4:12  Probe x2  
  45  4:17  Stalker  
  45  4:18  Stalker  
  48  4:41  Probe  
  46  4:55  Stalker, Nexus  
  46  4:57  Stalker  
  46  4:59  Stalker  
  52  5:00  Probe  
  52  5:02  Probe  
  54  5:08  Charge  
  54  5:11  Assimilator  
  54  5:14  Pylon  
  54  5:17  Forge  
  54  5:26  Pylon  
  54  5:32  Probe x2  
  54  5:34  Gateway x2  
  56  5:40  Observer  
  56  5:41  Protoss Ground Weapons Level 1 (Chrono Boost)  
  56  5:45  Probe x2  
  59  5:50  Gateway  
  59  5:51  Gateway  
  59  5:57  Probe x2  
  59  5:59  Gateway  
  61  6:09  Probe  
  61  6:10  Probe  
  63  6:14  Sentry x2  
  63  6:15  Zealot  
  69  6:30  Probe x2  
  69  6:31  Zealot x2  
  74  6:32  Probe  
  74  6:36  Pylon  
  74  6:37  Pylon  
  74  6:43  Shield Battery  
  74  6:44  Zealot x2, Probe  
  79  6:57  Zealot x5  
  79  6:59  Zealot  
  79  7:01  Probe x2  
  93  7:08  Pylon  
  93  7:13  Zealot x2  
  98  7:20  Pylon  
  98  7:21  Zealot x2  
  100  7:34  Stalker x2  
  100  7:35  Stalker x3  
  94  7:37  Zealot  
  96  7:48  Zealot x2  
  100  7:58  Zealot x6  
  84  8:14  Zealot x2  
Tags
 
Add a new tag
Caveats
  • Supply blocks, unpowered buildings, or Contaminate may cause inaccurate times.
  • Supply counts are checked every 10 seconds.